cohdb
Replays
Latest Replays
All Replays
Popular Replays
Top Player Replays
Match Explorer
How It Works
Community
CoH3 Stats
Reddit
Sign in to upload your games and track your stats! →
Sign in with Steam
Match 45830909
Unlisted
Match 45830909
Overview
Messages
Build Orders
End
Scout Squad
Selects Special Operations Battlegroup
Selects M29 Weasel Recon Vehicle
M29 Weasel Recon Vehicle
Construct Weapon Support Center
Bazooka Squad
M1919 Machine Gun Team
M1919 Machine Gun Team
Air Support Center
Construct Medical Station
Selects Smoke Screen
Construct Motor Pool
P-47 Dive Bomb
M8 Greyhound Armored Car
Air Supply
Engineer Squad
P-47 Strafing Run
Grasshopper Recon Run
P-47 Dive Bomb
Selects SSF Commando Squad
SSF Commando Squad
Improved M9 Bazooka Rockets
Grasshopper Recon Run
P-47 Dive Bomb
K̳itsuné
aSIIDemolitionHammer
✠Kaiser✠ tushkan
✠Kaiser✠ PERVITIN
0
0
Comments
sign in to comment!
No comments posted yet!